 Dungeon Crawl Stone Soup version 0.30.0 (webtiles) character file.

Game seed: 1341328696263026925

255 Persephone the Shooter (level 5, -3/47 HPs)
             Began as a Minotaur Hunter on May 6, 2023.
             Slain by Pikel
             ... wielding a +2 whip of electrocution
              (7 damage)
             ... on level 4 of the Dungeon.
             The game lasted 00:05:00 (3042 turns).

Persephone the Shooter (Minotaur Hunter)            Turns: 3042, Time: 00:05:01

Health: -3/47      AC:  8    Str: 15    XL:     5   Next: 91%
Magic:  4/4        EV: 11    Int:  6    God:
Gold:   292        SH:  0    Dex: 16    Spells: 4/4 levels left

rFire   . . .        a - +0 shortbow (heavy)
rCold   . . .        (shield currently unavailable)
rNeg    . . .        g - +1 ring mail
rPois   .            (helmet restricted)
rElec   .            r - +0 cloak
rCorr   .            (no gloves)
SInv    .            o - +0 pair of boots
Will    .....        (no amulet)
Stlth   +            (no ring)
HPRegen 0.27/turn    (no ring)
MPRegen 0.09/turn

%: no passive effects
@: no status effects
A: horns 2, retaliatory headbutt
a: no special abilities


You were on level 4 of the Dungeon.
You visited 1 branch of the dungeon, and saw 4 of its levels.

You collected 292 gold pieces.

Inventory:

Hand Weapons
 a - a +0 heavy shortbow (weapon)
Missiles
 d - a throwing net
Armour
 g - a +1 ring mail (worn)
 o - a +0 pair of boots (worn)
 r - a +0 cloak (worn)
Scrolls
 b - 2 scrolls of immolation
 e - 2 scrolls of brand weapon
 k - 2 scrolls of noise
 m - a scroll of summoning
 p - 2 scrolls of identify
 q - a scroll of enchant armour
Potions
 c - 3 potions of lignification
 f - 2 potions of flight {unknown}
 h - a potion of degeneration {unknown}
 i - a potion of brilliance {unknown}
 j - a potion of might {unknown}
 l - a potion of invisibility {unknown}
 n - a potion of curing {unknown}
 s - a potion of ambrosia {unknown}


   Skills:
 + Level 4.6 Fighting
 * Level 7.0 Ranged Weapons
 - Level 2.1 Dodging
 - Level 0.7 Stealth


You had 4 spell levels left.
You didn't know any spells.
Your spell library contained the following spells:

 Spells                   Type           Power      Damage    Failure   Level
 Poisonous Vapours        Pois/Air       0%         N/A       83%         2
 Gell's Gravitas          Tloc           0%         N/A       96%         3
 Mephitic Cloud           Conj/Pois/Air  0%         N/A       96%         3
 Teleport Other           Tloc           0%         N/A       96%         3
 Freezing Cloud           Conj/Ice/Air   0%         6-21      100%        5
 Dispersal                Tloc           0%         N/A       100%        6


Dungeon Overview and Level Annotations

Branches:
Dungeon (4/15)
 Temple: D:4-7

Altars:
Gozag

Shops:
D:1 [

Annotations:
D:3 Ijyb
D:4 Pikel


Innate Abilities, Weirdness & Mutations

You have a pair of horns on your head.
You reflexively headbutt those who attack you in melee.


Message History

No target in view!
No target in view!
A lemure is nearby!
You shoot an arrow. The arrow hits the lemure.
The lemure is moderately wounded.
The lemure hits you but does no damage.
You shoot an arrow. The arrow hits the lemure.
The lemure is heavily wounded.
The lemure hits you. The lemure barely misses you.
You shoot an arrow. The arrow hits the lemure!
The lemure is almost dead.
The lemure hits you.
You shoot an arrow. The arrow closely misses the lemure.
The lemure hits you but does no damage. The lemure hits you.
You shoot an arrow. The arrow hits the lemure!
You kill the lemure!
That felt strangely unrewarding.
No target in view!
Pikel is nearby!
Pikel is nearby!
You shoot an arrow.
Pikel shouts!
The arrow hits Pikel.
Pikel is lightly wounded.
You shoot an arrow. The arrow hits Pikel.
Pikel is lightly wounded.
You shoot an arrow. The arrow hits Pikel.
Pikel is lightly wounded.
Pikel hits you but does no damage.
You are electrocuted!
You are too injured to fight recklessly!
You are too injured to fight recklessly!
Fire: a) +0 shortbow (heavy)
Press: ? - help, Shift-Dir - straight line, f/p - Pikel
Aim: Pikel, wielding a +2 whip of electrocution and wearing a +0 robe (lightly wounded, 59% to hit)
You shoot an arrow. The arrow closely misses Pikel.
Pikel hits you with a +2 whip of electrocution!
You are electrocuted!
* * * LOW HITPOINT WARNING * * *
Pikel hits you with a +2 whip of electrocution!
You die...

############
######..........#
##...............# ####
#...##@K.........######
#..#
##..####.......#.......
#).# #....#
#.......#.......
#####..# ♣....♣
#.#.....#.......
....'..# ♣♣...♣
#.'.....'.......
#####..# ♣♣.♣♣
#.#.....#....... ####
♣♣.♣ #.#.....#.......
♣.♣♣ #.#####.....##÷.
##### ♣♣.♣
#.#####.........


You could see Pikel.

Vanquished Creatures
  4 lemures (D:4)
  A scorpion (D:4)
  2 hounds (D:4)
  Crazy Yiuf (D:4)
  3 gnolls (D:3)
  An adder (D:3)
  2 dart slugs
  5 orcs
  6 endoplasms
  3 giant cockroaches
  4 goblins
  7 hobgoblins
  4 jackals (D:2)
  7 kobolds
  3 quokkas (D:1)
  4 ball pythons
  2 bats
  6 frilled lizards
  3 rats
68 creatures vanquished.

Vanquished Creatures (others)
  2 fungi (D:4)
2 creatures vanquished.

Grand Total: 70 creatures vanquished

Notes
Turn   | Place    | Note
-------+----------+-------------------------------------------
     0 | D:1      | Persephone the Minotaur Hunter began the quest for the Orb.
     0 | D:1      | Reached XP level 1. HP: 18/18 MP: 0/0
   269 | D:1      | Reached XP level 2. HP: 25/25 MP: 1/1
   402 | D:1      | Found Diusebu's Antique Armour Shop.
   519 | D:1      | Reached skill level 5 in Ranged Weapons
   959 | D:2      | Found a faded altar of an unknown god.
  1014 | D:2      | Reached XP level 3. HP: 31/31 MP: 2/2
  1191 | D:2      | Found an opulent altar of Gozag.
  1728 | D:3      | Reached XP level 4. HP: 38/38 MP: 3/3
  2454 | D:4      | Noticed Ijyb
  2500 | D:4      | Reached skill level 6 in Ranged Weapons
  2519 | D:4      | Reached XP level 5. HP: 29/46 MP: 4/4
  2835 | D:4      | Noticed a lemure
  2835 | D:4      | Noticed a lemure
  2836 | D:4      | Noticed Pikel
  2838 | D:4      | Noticed a lemure
  2847 | D:4      | Killed a lemure
  2854 | D:4      | Killed a lemure
  2970 | D:4      | Killed a lemure
  2999 | D:4      | Found a runed translucent door.
  3000 | D:4      | Noticed Crazy Yiuf
  3004 | D:4      | Killed Crazy Yiuf
  3005 | D:4      | Reached skill level 7 in Ranged Weapons
  3025 | D:4      | Noticed a lemure
  3033 | D:4      | Killed a lemure
  3042 | D:4      | Slain by Pikel

Illustrated notes

Levels and vault maps discovered:
D:1:      dpeg_arrival_circle_labyrinth_a, layout_basic, serial_shops,
          shop_fountains, nicolae_titane
D:2:      layout_loops_ring, basic_altar, hellmonk_ecumenical_altar_blasted
D:3:      layout_basic
D:4:      cheibrodos_barr_body, layout_basic, uniq_ijyb,
          uniq_crazy_yiuf_cottage, uniq_pikel

Skill      XL: |  1  2  3  4  5 |
---------------+----------------+-----
Ranged Weapons | 5 6 7 |  7.0
Fighting       | 3 4 |  4.6
Dodging        | |  2.1
Stealth        | |  0.7

Action                     |  1- 3 |  4- 6 || total
---------------------------+-------+-------++-------
   Fire: Shortbow          |    83 |    74 ||   157
    Use: Scroll            |     7 |     3 ||    10
         Potion            |       |     1 ||     1
 Armour: Leather armour    |     1 |       ||     1
         Ring mail         |    22 |    13 ||    35
  Dodge: Dodged            |    30 |    22 ||    52
